 Dungeon Crawl Stone Soup version 0.28.0-43-g3370ac3207 (webtiles) character file.

Game seed: 14094884843204294401

107 nickcage the Gusty (level 5, -5/35 HPs)
             Began as a Human Air Elementalist on Mar 24, 2022.
             Slain by a phantom (7 damage)
             ... on level 3 of the Dungeon.
             The game lasted 00:09:23 (2685 turns).

nickcage the Gusty (Human Air Elementalist)         Turns: 2685, Time: 00:09:24

Health: -5/35      AC:  2    Str:  8    XL:     5   Next: 11%
Magic:  0/8        EV: 12    Int: 17    God:
Gold:   55         SH:  0    Dex: 14    Spells: 0/8 levels left

rFire   . . .      SeeInvis .   h - +2 dagger (venom)
rCold   . . .      Faith    .   (no shield)
rNeg    . . .      Spirit   .   a - +0 robe
rPois   .          Reflect  .   (no helmet)
rElec   .          Harm     .   (no cloak)
rCorr   .          Rampage  .   (no gloves)
Will    .....                   (no boots)
Stlth   ++........              (no amulet)
HPRegen 0.11/turn               (no ring)
MPRegen 0.11/turn               (no ring)

@: no status effects
A: no striking features
a: no special abilities


You were on level 3 of the Dungeon.
You visited 1 branch of the dungeon, and saw 3 of its levels.

You collected 79 gold pieces.
You spent 24 gold pieces at shops.

Inventory:

Hand Weapons
 c - a +0 short sword
 h - a +2 dagger of venom (weapon)
Armour
 a - a +0 robe (worn)
Magical Staves
 m - a staff of earth
Scrolls
 f - 2 scrolls of teleportation {unknown}
 g - a scroll of fog {unknown}
 i - a scroll of amnesia {unknown}
 k - a scroll of magic mapping {unknown}
Potions
 b - a potion of haste {unknown}
 d - a potion of brilliance {unknown}
 e - a potion of invisibility {unknown}
 j - a potion of cancellation {unknown}
 l - a potion of mutation {unknown}


   Skills:
 - Level 2.0 Dodging
 - Level 2.0 Stealth
 - Level 2.0 Spellcasting
 + Level 2.4 Conjurations
 + Level 4.8 Air Magic


You couldn't memorise any spells.
You knew the following spells:

 Your Spells              Type           Power      Damage    Failure   Level
a - Shock                 Conj/Air       56%        1d6       4%          1
b - Swiftness             Air            18%        N/A       8%          3
c - Airstrike             Air            9%         N/A       26%         4

Your spell library contained the following spells:

 Spells                   Type           Power      Damage    Failure   Level
 Static Discharge         Conj/Air       14%        N/A       7%          2
 Tukima's Dance           Hex            1%         N/A       50%         3
 Passage of Golubria      Tloc           1%         N/A       88%         4
 Yara's Violent Unravell  Hex/Tmut       0%         3d3       99%         5


Dungeon Overview and Level Annotations

Branches:
Dungeon (3/15)

Altars:

Shops:
D:1 !*


Message History

You hit the phantom.
The phantom is almost destroyed.
The phantom barely misses you.
You hit the phantom but do no damage.
The phantom is almost destroyed.
The phantom hits you.
The phantom blinks!
You blink.
You completely miss the phantom.
The phantom is almost destroyed.
The phantom hits you.
The phantom blinks!
You blink.
You barely miss the phantom.
The phantom is almost destroyed.
The phantom misses you.
You closely miss the phantom.
The phantom is almost destroyed.
The phantom hits you.
The phantom blinks!
You blink.
You hit the phantom.
The phantom is almost destroyed.
The phantom hits you.
* * * LOW HITPOINT WARNING * * *
You hit the phantom but do no damage.
The phantom is almost destroyed.
The phantom barely misses you.
You hit the phantom.
The phantom is almost destroyed.
The phantom hits you.
* * * LOW HITPOINT WARNING * * *
The phantom blinks!
You blink.
You hit the phantom but do no damage.
The phantom is almost destroyed.
The phantom hits you.
* * * LOW HITPOINT WARNING * * *
The phantom blinks!
You blink.
You are too injured to fight recklessly!
Aiming: Shock (safe; 4% risk of failure)
Press: ? - help, Q - select action, (/) - cycle Shift-Dir - straight line, f/p - phantom
Aim: a phantom (almost destroyed, 60% to hit)
The zap hits the phantom.
The phantom is almost destroyed.
The phantom hits you!
You die...

#..... ...#
#...# #..#
#...# #..#
#!..####..#
#...#.##§.#
#...#..#.§# #
#......#..#.##
#............#
#...§).W@....#
#....###....##
#....# #....#
#....# ♣P.P.♣
#..#.# ♣..P♣♣
##..(.# ♣♣.♣♣
#.....# ♣♣
#.>...#
#..####


You could see a phantom.

Vanquished Creatures
  Terence (D:2)
  Robin (D:2)
  A gnoll (D:1)
  A worm (D:2)
  3 dart slugs (D:1)
  An orc (D:3)
  2 ball pythons
  5 bats
  3 endoplasms
  7 hobgoblins
  2 jackals (D:1)
  A quokka (D:2)
  2 frilled lizards
  11 goblins
  4 kobolds
  4 rats
49 creatures vanquished.

Notes
Turn   | Place    | Note
-------+----------+-------------------------------------------
     0 | D:1      | nickcage the Human Air Elementalist began the quest for the
                  | Orb.
     0 | D:1      | Reached XP level 1. HP: 13/13 MP: 3/3
   247 | D:1      | Reached XP level 2. HP: 19/19 MP: 1/5
   304 | D:1      | Found Dethro Dau's Distillery.
   476 | D:1      | Reached XP level 3. HP: 24/24 MP: 3/6
   509 | D:1      | Learned a level 3 spell: Swiftness
   535 | D:1      | Reached skill level 4 in Air Magic
   620 | D:1      | Found Xodisy's Assorted Antiques.
   642 | D:1      | Bought a scroll labelled NIMMESTR GERYCA for 24 gold pieces
  1659 | D:2      | Noticed Terence
  1666 | D:2      | Reached XP level 4. HP: 17/30 MP: 0/7
  1695 | D:2      | Killed Terence
  2003 | D:2      | Found a faded altar of an unknown god.
  2296 | D:2      | Noticed Robin
  2311 | D:2      | Killed Robin
  2324 | D:2      | Reached XP level 5. HP: 26/35 MP: 1/8
  2562 | D:2      | Learned a level 4 spell: Airstrike
  2664 | D:3      | Noticed a phantom
  2685 | D:3      | Slain by a phantom

Illustrated notes

Levels and vault maps discovered:
D:1:      wander_arrival_chamber, layout_loops_cross, serial_shops, shop, shop,
          minmay_hexomino_f4
D:2:      layout_loops_cross, ebering_ecumenical_altar_hall, uniq_robin,
          uniq_terence
D:3:      kb_forest_paths, layout_basic, mainiacjoe_overflow_boulevard,
          minmay_quantized, uniq_crazy_yiuf_cottage, uniq_ijyb, uniq_sigmund

Skill      XL: |  1  2  3  4 |
---------------+-------------+-----
Air Magic      | 4 |  4.8
Conjurations   | 2 |  2.4
Dodging        | |  2.0
Stealth        | |  2.0
Spellcasting   | |  2.0

Action                   |  1- 3 |  4- 6 || total
-------------------------+-------+-------++-------
Melee: Unarmed           |     3 |       ||     3
       Punch             |     1 |       ||     1
       Dagger            |     5 |    29 ||    34
 Cast: Shock             |    68 |    42 ||   110
Armor: Robe              |     3 |     4 ||     7
Dodge: Dodged            |     8 |    13 ||    21
